 Dungeon Crawl Stone Soup version 0.23-b1-70-gd12f7cf (webtiles) character file.

Game seed: 17669877867015204200

134 HEYYEYAAE the Bolt Thrower (level 5, -1/51 HPs)
             Began as an Octopode Hunter on Feb 6, 2019.
             Slain by a worker ant (4 damage)
             ... on level 4 of the Dungeon.
             The game lasted 00:02:19 (2888 turns).

HEYYEYAAE the Bolt Thrower (Octopode Hunter)        Turns: 2888, Time: 00:02:20

Health: -1/51      AC:  1    Str: 16    XL:     5   Next: 17%
Magic:  5/5        EV: 13    Int: 13    God:
Gold:   111        SH:  0    Dex: 14    Spells: 4/4 levels left

rFire    . . .     SeeInvis .   h - -2 flail (curse)
rCold    . . .     Gourm    .   (no shield)
rNeg     . . .     Faith    .   (helmet restricted)
rPois    .         Spirit   .   (no amulet)
rElec    .         Reflect  .   (no ring)
rCorr    .         Harm     .   (no ring)
MR       .....                  (no ring)
Stlth    ..........             (no ring)
HPRegen  0.17/turn              (no ring)
MPRegen  0.09/turn              (no ring)
                                (no ring)
                                (no ring)

@: berserking, very quick
A: almost no armour, stealthy swim, amphibious, 8 rings, constrict 8, camouflage
1, gelatinous body 1
a: no special abilities


You were on level 4 of the Dungeon.
You were not hungry.

You visited 1 branch of the dungeon, and saw 4 of its levels.

You collected 111 gold pieces.

Inventory:

Hand Weapons
 a - a +1 hand crossbow
 b - a +0 short sword
 h - a cursed -2 flail (weapon)
Missiles
 c - 17 bolts
Jewellery
 g - an uncursed ring of protection from magic {unknown}
Scrolls
 f - 2 scrolls of remove curse {unknown}
 i - 6 scrolls of identify {unknown}
 k - a scroll of enchant armour {unknown}
 l - 3 scrolls of amnesia {unknown}
 m - a scroll of teleportation {unknown}
Potions
 j - a potion of curing {unknown}
 n - a potion of mutation {unknown}
Comestibles
 d - 2 rations


   Skills:
 - Level 2.0 Fighting
 + Level 6.3 Crossbows
 - Level 2.0 Dodging
 - Level 1.3 Stealth


You had 4 spell levels left.
You didn't know any spells.
Your spell library was empty.

Dungeon Overview and Level Annotations

Branches:
Dungeon (4/15)
 Temple: D:4-7

Altars:
Trog
Xom


Innate Abilities, Weirdness & Mutations

You cannot wear most types of armour.
You are very stealthy in the water. (Stealth+)
You are amphibious.
You can wear up to eight rings at the same time.
You can use your tentacles to constrict eight enemies at once.
Your skin changes colour to match your surroundings (Stealth+).
Your rubbery body absorbs attacks. (AC +1, EV +1)


Message History

You are too injured to fight recklessly!
Unknown command.
The worker ant bites you.
* * * LOW HITPOINT WARNING * * *
It was a potion of berserk rage.
A red film seems to cover your vision as you go berserk!
You feel yourself moving faster!
You feel mighty! The worker ant bites you.
* * * LOW HITPOINT WARNING * * *
Wield which item (- for none, * to show all)? (? for menu, Esc to quit)
It sticks to your tentacle!
h - a cursed -2 flail (weapon)
You feel a strong urge to attack something.
You sock the worker ant! Your grab misses the worker ant.
The worker ant is almost dead.
The worker ant bites you.
* * * LOW HITPOINT WARNING * * *
You barely miss the worker ant. You grab the worker ant.
The worker ant is almost dead.
You constrict the worker ant. The worker ant bites you.
You die...

.. #.......... ..(
#..[.......
....#......(.Z.
........(......
#...(........
#.###..... #Oa##...#
##a##...# #@##...#
#####.†...######
................. ..
.......##...#### #..
..#######......##...
.. #..#.........
#.## ##.##........
#....#..##.....#.#
##...........#.#


You could see an ogre and 2 worker ants.

Vanquished Creatures
  A gnoll (D:1)
  4 adders
  3 worms (D:3)
  2 leopard geckos (D:2)
  4 orcs
  2 ball pythons
  3 giant cockroaches
  6 goblins
  11 hobgoblins
  7 jackals
  5 kobolds
  2 quokkas
  8 bats
  4 frilled lizards
  9 rats
71 creatures vanquished.

Notes
Turn   | Place    | Note
-------+----------+-------------------------------------------
     0 | D:1      | HEYYEYAAE the Octopode Hunter began the quest for the Orb.
     0 | D:1      | Reached XP level 1. HP: 14/14 MP: 1/1
   184 | D:1      | Reached XP level 2. HP: 19/19 MP: 2/2
   450 | D:1      | Reached XP level 3. HP: 24/24 MP: 3/3
   456 | D:1      | Reached skill level 5 in Crossbows
   846 | D:2      | Found a bloodstained altar of Trog.
  1521 | D:2      | Reached XP level 4. HP: 29/29 MP: 4/4
  2150 | D:3      | Reached skill level 6 in Crossbows
  2525 | D:3      | Found a shimmering altar of Xom.
  2611 | D:3      | Reached XP level 5. HP: 34/34 MP: 5/5
  2728 | D:3      | Found a faded altar of an unknown god.
  2877 | D:4      | Noticed an ogre
  2887 | D:4      | HP: 2/51 [worker ant (4)]
  2888 | D:4      | Slain by a worker ant

Skill      XL: |  1  2  3  4 |
---------------+-------------+-----
Crossbows      | 5 6 |  6.3
Fighting       | |  2.0
Dodging        | |  2.0
Stealth        | |  1.3

Action                   |  1- 3 |  4- 6 || total
-------------------------+-------+-------++-------
Melee: Flail             |       |     2 ||     2
       Constrict         |       |     1 ||     1
 Fire: Hand crossbow     |    82 |    71 ||   153
  Use: Potion            |       |     1 ||     1
  Eat: Chunk             |     1 |     1 ||     2
       Ration            |       |     1 ||     1
Armor: Skin              |     2 |       ||     2
Dodge: Dodged            |    14 |     6 ||    20
